 Dungeon Crawl Stone Soup version 0.31.0-11-ge490571c62 (webtiles) character file.

Game seed: 1773878944358701623

84 Gorgondantess the Magician (level 4, 41/41 HPs)
             Began as an Oni Hedge Wizard on Feb 2, 2024.
             Was a Follower of Fedhas.
             Got out of the dungeon alive.
             The game lasted 00:06:48 (2759 turns).

Gorgondantess the Magician (Oni Hedge Wizard)       Turns: 2759, Time: 00:06:49

Health: 41/41      AC:  3    Str: 16    XL:     4   Next: 46%
Magic:  11/11      EV:  9    Int: 15    God:    Fedhas [*.....]
Gold:   136        SH:  0    Dex:  8    Spells: 5/13 levels left

rFire   . . .        e - +0 club
rCold   . . .        (no shield)
rNeg    . . .        b - +0 robe
rPois   .            c - +0 hat
rElec   .            (no cloak)
rCorr   .            (gloves unavailable)
SInv    .            (boots unavailable)
Will    .....        (no amulet)
Stlth   +            (no ring)
HPRegen 0.26/turn    (no ring)
MPRegen 0.12/turn

%: no passive effects
@: no status effects
A: large, unfitting armour, horns 1, tough skin 1, double potion healing,
drunken brawling
a: Renounce Religion


You escaped.
You worshipped Fedhas.
Fedhas was aware of your devotion.
You visited 1 branch of the dungeon, and saw 2 of its levels.

You collected 136 gold pieces.

Inventory:

Hand Weapons
 a - a +0 dagger
 e - a +0 club (weapon)
Armour
 b - a +0 robe (worn)
 c - a +0 hat (worn)
Magical Staves
 n - a staff of earth
Scrolls
 g - a scroll of fear {unknown}
 h - 2 scrolls of identify {unknown}
 j - a scroll of revelation {unknown}
 l - a scroll of teleportation {unknown}
 m - a scroll of blinking {unknown}
 o - a scroll of poison {unknown}
 p - a scroll of fog {unknown}
Potions
 d - a potion of magic
 f - 2 potions of mutation {unknown}
 i - a potion of ambrosia {unknown}
 k - 2 potions of curing {unknown}


   Skills:
 * Level 1.1 Fighting
 + Level 0.2 Maces & Flails
 - Level 1.7 Dodging
 - Level 1.4 Stealth
 + Level 5.0 Spellcasting
 + Level 1.4 Conjurations
 * Level 1.2 Summonings
 - Level 0.8 Translocations
 * Level 0.3 Air Magic
 * Level 0.7 Alchemy


You had 5 spell levels left.
You knew the following spells:

 Your Spells              Type           Power      Damage    Failure   Level
a - Magic Dart            Conj           32%        1d4       9%          1
b - Blink                 Tloc           12%        N/A       17%         2
c - Call Imp              Summ           14%        N/A       16%         2
d - Mephitic Cloud        Conj/Alch/Air  6%         N/A       34%         3

Your spell library contained the following spells:

 Spells                   Type           Power      Damage    Failure   Level
 Shock                    Conj/Air       24%        1d4       11%         1
 Slow                     Hex            12%        N/A       16%         1
 Cigotuvi's Dreadful Rot  Necr/Alch/Air  8%         N/A       22%         2
 Swiftness                Air            4%         N/A       38%         3
 Vhi's Electric Charge    Tloc/Air       10%        N/A       77%         4
 Airstrike                Air            2%         2d(1-17)  80%         4
 Arcjolt                  Conj/Air       3%         1d13      97%         5
 Maxwell's Capacitive Co  Air            2%         ∞         100%        8


Dungeon Overview and Level Annotations

Branches:
Dungeon (2/15)

Altars:
Fedhas


Innate Abilities, Weirdness & Mutations

You are too large for most types of armour.
You have a pair of small horns on your head.
You have tough skin. (AC +1)
You gain doubled healing and magic from potions.
Whenever you drink a healing potion, you attack all around you.


Message History

The kobold hits you but does no damage. The ribbon worm bites you.
You hit the ribbon worm.
You kill the ribbon worm!
Your cerulean imp hits the kobold from afar with a -4 spear.
The kobold dies!
Things that are here:
a +0 short sword; a kobold corpse You swap places.
You see here a ribbon worm corpse.
You pick up a book of Air and begin reading...
You add the spells Shock, Swiftness and Airstrike to your library.
Your cerulean imp disappears in a puff of smoke!
Okay, then.
Magic restored.
HP restored.
You now have 119 gold pieces (gained 11).
Found a spear.
You now have 126 gold pieces (gained 7).
Found a ring mail.
Found a stone staircase leading down.
p - a scroll labelled BAG VYTYGYRCH
There is a stone staircase leading down here.
You now have 136 gold pieces (gained 10).
Found a pair of gloves.
You see here a +0 pair of gloves.
You see here a +0 pair of gloves.
Found a masterwork ring mail.
Found a faded altar of an unknown god.
There is a faded altar of an unknown god here.
This altar belongs to (a) Dithmenos, (b) Vehumet or (c) Fedhas, but you can't tell which.
Press the corresponding letter to learn more about a god, or press enter to convert or escape to cancel.
Fedhas accepts your prayer! Fedhas welcomes you!
The plants of the dungeon cease their hostilities.
You enter the shallow water.
There is a stone staircase leading up here.
You climb upwards.
There is a stone staircase leading down here.
There is an open door here.
There is a staircase leading out of the dungeon here.
You have escaped!

.'.........###.........'.#
.#..####.### ###.####..#.#
.#.#.###.# #.###.#.#.#
.#.##.#.## ##.#.##.#.#
.#.###.## ##.###.#.#
##.##.#.## ##.#.##.#.#
.#.#.###.# #.###.#.#.#
##..####.### ###.####..#.#
.'.........###..@...(..'.#
###.####.##.#.##.####.####
##.###.###.###.###.## ##
##.##.##.#.##.##.## .#
##.#.#.###.#.#.## ##
##...#####...##
##[........## #
#'#######'# # #.####.##.#


There were no monsters in sight!

Vanquished Creatures
  An adder (D:2)
  A ribbon worm (D:2)
  2 dart slugs (D:2)
  A ball python (D:1)
  3 bats
  3 endoplasms
  3 giant cockroaches
  4 goblins
  7 hobgoblins
  6 jackals (D:2)
  2 kobolds (D:1)
  4 quokkas (D:1)
  A frilled lizard (D:1)
  4 rats
42 creatures vanquished.

Vanquished Creatures (collateral kills)
  2 ribbon worms (D:2)
  A dart slug (D:2)
  A ball python (D:2)
  An endoplasm (D:2)
  2 jackals (D:2)
  2 kobolds (D:2)
  A rat (D:2)
10 creatures vanquished.

Grand Total: 52 creatures vanquished

Notes
Turn   | Place    | Note
-------+----------+-------------------------------------------
     0 | D:1      | Gorgondantess the Oni Hedge Wizard began the quest for the
                  | Orb.
     0 | D:1      | Reached XP level 1. HP: 16/16 MP: 5/5
    88 | D:1      | Reached skill level 1 in Conjurations
   117 | D:1      | Reached skill level 4 in Spellcasting
   123 | D:1      | Reached XP level 2. HP: 11/24 MP: 1/7
   792 | D:1      | Reached XP level 3. HP: 28/32 MP: 4/8
  1809 | D:2      | Learned a level 2 spell: Blink
  1812 | D:2      | Learned a level 2 spell: Call Imp
  1816 | D:2      | Learned a level 3 spell: Mephitic Cloud
  2360 | D:2      | Reached XP level 4. HP: 36/40 MP: 2/10
  2371 | D:2      | Reached skill level 1 in Fighting
  2499 | D:2      | Reached skill level 1 in Summonings
  2547 | D:2      | Reached skill level 5 in Spellcasting
  2716 | D:2      | Found a faded altar of an unknown god.
  2720 | D:2      | Prayed at the altar of an unknown god.
  2720 | D:2      | Became a worshipper of Fedhas Madash
  2720 | D:2      | Reached * piety under Fedhas
  2759 | D:$      | Got out of the dungeon alive.

Illustrated notes

Levels and vault maps discovered:
D:1:      roderic_octagonal_star, layout_loops_ring, minmay_unequal
D:2:      layout_rooms, shapermc_ecumenical_altar_acropolis

Skill      XL: |  1  2  3  4 |
---------------+-------------+-----
Conjurations   | 1 |  1.4
Spellcasting   | 4 5 |  5.0
Fighting       | 1 |  1.1
Summonings     | 1 |  1.2
Maces & Flails | |  0.2
Dodging        | |  1.7
Stealth        | |  1.4
Translocations | |  0.8
Air Magic      | |  0.3
Alchemy        | |  0.7

Action                     |  1- 3 |  4- 6 || total
---------------------------+-------+-------++-------
  Melee: Club              |    63 |    40 ||   103
         Headbutt          |     9 |     7 ||    16
         Punch             |     2 |     2 ||     4
   Cast: Magic Dart        |    79 |     5 ||    84
         Call Imp          |     3 |     5 ||     8
   Stab: Distracted        |     1 |       ||     1
 Armour: Robe              |    75 |    41 ||   116
  Dodge: Dodged            |    43 |    19 ||    62
